 Dungeon Crawl Stone Soup version 0.25-a0-937-gcfae464cf3 (webtiles) character file.

Game seed: 9155686969454553249, levelgen mode: deterministic

1458582 Prakerore the Conqueror (level 27, 203/273 HPs)
             Began as a Hill Orc Monk on May 4, 2020.
             Was the Champion of Beogh.
             Escaped with the Orb
             ... and 3 runes on May 5, 2020!
             The game lasted 04:56:48 (107870 turns).

Prakerore the Conqueror (Hill Orc Monk)           Turns: 107870, Time: 04:56:49

Health: 203/273    AC: 54    Str: 29    XL:     27
Magic:  33/40      EV: 13    Int: 10    God:    Beogh [******]
Gold:   4905       SH: 17    Dex: 13    Spells: 26/26 levels left

rFire    + + +     SeeInvis .   h - +9 eveningstar (drain)
rCold    + + +     Gourm    .   Y - +2 shield of Resistance {rF+ rC+ MR+}
rNeg     + + +     Faith    .   g - +7 gold dragon scales
rPois    +         Spirit   +   p - +0 helmet "Lusueqeh" {rF+ rCorr}
rElec    +         Reflect  .   R - +2 cloak {MR+}
rCorr    +         Harm     .   D - +0 pair of gloves
MR       ++++.                  b - +2 pair of boots
Stlth    ..........             o - amulet of guardian spirit
HPRegen  0.55/turn              x - ring "Maatit" {*Corrode rElec rF+ rC++ rN+++}
MPRegen  0.27/turn              i - ring of Robustness {AC+8}

@: hasted, very quick
A: walk on water, fangs 1, blink, cold resistance 1, strong 1, wild magic 1, no
potion heal 1
0: Orb of Zot
}: 3/15 runes: decaying, serpentine, silver
a: Blink, Smiting, Recall Orcish Followers, Give Item to Named Follower,
Resurrection, Renounce Religion


You escaped.
You worshipped Beogh.
Beogh was exalted by your worship.
You were near starving.

You visited 11 branches of the dungeon, and saw 53 of its levels.
You visited the Abyss 3 times.
You visited 1 bazaar.
You also visited: Ossuary and Gauntlet.

You collected 9078 gold pieces.
You spent 4173 gold pieces at shops.

Inventory:

Hand Weapons
 h - a +9 eveningstar of draining (weapon)
Missiles
 y - 12 silver javelins (quivered)
 P - 35 boomerangs
 U - 4 throwing nets
 Z - 143 poisoned darts
Armour
 b - a +2 pair of boots (worn)
 g - +7 gold dragon scales (worn)
 p - the +0 helmet "Lusueqeh" (worn) {rF+ rCorr}
   (You acquired it on level 2 of the Depths)

   It protects you from fire.
   It provides partial protection from all sources of acid and corrosion.
 D - a +0 pair of gloves (worn)
 R - a +2 cloak of magic resistance (worn)
 Y - the +2 shield of Resistance (worn) {rF+ rC+ MR+}
   (You found it on level 14 of the Dungeon)

   It protects you from fire.
   It protects you from cold.
   It affects your resistance to hostile enchantments.
Jewellery
 i - the ring of Robustness (right hand) {AC+8}
   (You took it off a deep elf blademaster on level 3 of the Elven Halls)

   [ring of protection]

   It affects your AC (+8).
 o - an amulet of guardian spirit (around neck)
 x - the ring "Maatit" (left hand) {*Corrode rElec rF+ rC++ rN+++}
   (You took it off an ironbrand convoker on level 5 of the Vaults)

   [ring of protection from fire]

   It protects you from fire.
   It greatly protects you from cold.
   It insulates you from electricity.
   It renders you almost immune to negative energy.
   It may corrode you when you take damage.
 H - an uncursed ring of see invisible
Wands
 r - a wand of disintegration (47)
 w - a wand of acid (49)
 B - a wand of enslavement (16)
 I - a wand of paralysis (18)
 J - a wand of clouds (3)
 L - a wand of polymorph (41)
 M - a wand of flame (78)
 Q - a wand of scattershot (11)
 T - a wand of iceblast (14)
 V - a wand of digging (31)
Scrolls
 a - 21 scrolls of remove curse
 d - 28 scrolls of teleportation
 k - 6 scrolls of identify
 l - 3 scrolls of vulnerability
 n - 3 scrolls of summoning
 u - 5 scrolls of immolation
 v - 2 scrolls of torment
 z - 3 scrolls of blinking
 A - 9 scrolls of fog
 C - 8 scrolls of magic mapping
 E - 2 scrolls of fear
Potions
 e - 18 potions of curing
 f - a potion of invisibility
 j - 4 potions of cancellation
 m - 19 potions of heal wounds
 t - 11 potions of lignification
 F - 4 potions of haste
 G - 9 potions of mutation
 K - 3 potions of resistance
 O - 5 potions of magic
 S - 2 potions of flight
 W - 9 potions of might
Books
 q - a manual of Invocations
Miscellaneous
 N - 6 tins of tremorstones
Comestibles
 c - 94 rations


   Skills:
 O Level 27 Fighting
   Level 7.4(16.5) Axes
 - Level 17.0(17.3) Maces & Flails
   Level 10.7(11.3) Polearms
   Level 1.1 Bows
 + Level 14.5 Throwing
 O Level 27 Armour
 + Level 9.8 Dodging
 + Level 7.6 Stealth
 - Level 15.6 Shields
 O Level 27 Invocations
 + Level 0.3 Evocations


You had 26 spell levels left.
You didn't know any spells.
Your spell library contained the following spells:

 Spells                   Type           Power        Failure   Level  Hunger
 Animate Skeleton         Necr           N/A          95%         1    ##.....
 Apportation              Tloc           #.....       95%         1    ##.....
 Corona                   Hex            #......      95%         1    ##.....
 Foxfire                  Conj/Fire      #...         95%         1    ##.....
 Freeze                   Ice            #...         95%         1    ##.....
 Infusion                 Chrm           #...         95%         1    ##.....
 Magic Dart               Conj           #...         95%         1    ##.....
 Sandblast                Erth           #.....       95%         1    ##.....
 Shock                    Conj/Air       #...         95%         1    ##.....
 Sting                    Tmut/Pois      #...         95%         1    ##.....
 Summon Butterflies       Summ           #.......     95%         1    ##.....
 Summon Small Mammal      Summ           #...         95%         1    ##.....
 Blink                    Tloc           N/A          98%         2    ###....
 Call Imp                 Summ           #.......     98%         2    ###....
 Corpse Rot               Necr/Air       N/A          98%         2    ###....
 Ensorcelled Hibernation  Hex/Ice        #.....       98%         2    ###....
 Passwall                 Tmut/Erth      #.......     98%         2    ###....
 Poisonous Vapours        Pois/Air       #.....       98%         2    ###....
 Searing Ray              Conj           #.....       98%         2    ###....
 Shroud of Golubria       Chrm/Tloc      #.....       98%         2    ###....
 Slow                     Hex            #.......     98%         2    ###....
 Song of Slaying          Chrm           #.......     98%         2    ###....
 Sublimation of Blood     Necr           #.........   98%         2    ###....
 Swiftness                Chrm/Air       #.......     98%         2    ###....
 Call Canine Familiar     Summ           #.......     100%        3    ####...
 Confusing Touch          Hex            #.......     100%        3    ####...
 Conjure Flame            Conj/Fire      #.......     100%        3    ####...
 Dazzling Flash           Conj/Hex       #.....       100%        3    ####...
 Frozen Ramparts          Ice            #.....       100%        3    ####...
 Gell's Gravitas          Tloc           #.........   100%        3    ####...
 Ignite Poison            Fire/Tmut/Pois #.......     100%        3    ####...
 Inner Flame              Hex/Fire       #.......     100%        3    ####...
 Lesser Beckoning         Tloc           #.........   100%        3    ####...
 Mephitic Cloud           Conj/Pois/Air  #.......     100%        3    ####...
 Ozocubu's Armour         Chrm/Ice       #.......     100%        3    ####...
 Recall                   Summ/Tloc      N/A          100%        3    ####...
 Spectral Weapon          Hex/Chrm       #.......     100%        3    ####...
 Static Discharge         Conj/Air       #.......     100%        3    ####...
 Stone Arrow              Conj/Erth      #.....       100%        3    ####...
 Teleport Other           Tloc           #.......     100%        3    ####...
 Tukima's Dance           Hex            #.......     100%        3    ####...
 Airstrike                Air            #.........   100%        4    #####..
 Cause Fear               Hex            #.........   100%        4    #####..
 Dispel Undead            Necr           #.......     100%        4    #####..
 Fulminant Prism          Conj/Hex       #.........   100%        4    #####..
 Hailstorm                Conj/Ice       #.......     100%        4    #####..
 Iskenderun's Mystic Bla  Conj/Tloc      #.......     100%        4    #####..
 Leda's Liquefaction      Hex/Erth       #.........   100%        4    #####..
 Olgreb's Toxic Radiance  Pois           #.......     100%        4    #####..
 Petrify                  Tmut/Erth      #.......     100%        4    #####..
 Sticky Flame             Conj/Fire      #.......     100%        4    #####..
 Summon Ice Beast         Ice/Summ       #.......     100%        4    #####..
 Summon Lightning Spire   Summ/Air       #.......     100%        4    #####..
 Agony                    Necr           #.......     100%        5    ######.
 Alistair's Intoxication  Tmut/Pois      #.......     100%        5    ######.
 Aura of Abjuration       Summ           #.........   100%        5    ######.
 Bolt of Magma            Conj/Fire/Erth #.........   100%        5    ######.
 Excruciating Wounds      Chrm/Necr      #.........   100%        5    ######.
 Fireball                 Conj/Fire      #.........   100%        5    ######.
 Irradiate                Conj/Tmut      #.........   100%        5    ######.
 Lee's Rapid Deconstruct  Erth           #.........   100%        5    ######.
 Lightning Bolt           Conj/Air       #.........   100%        5    ######.
 Metabolic Englaciation   Hex/Ice        #.........   100%        5    ######.
 Summon Demon             Summ           #.........   100%        5    ######.
 Summon Forest            Summ/Tloc      #.........   100%        5    ######.
 Summon Mana Viper        Hex/Summ       #.......     100%        5    ######.
 Yara's Violent Unravell  Hex/Tmut       #.........   100%        5    ######.
 Conjure Ball Lightning   Conj/Air       #.........   100%        6    #######
 Eringya's Noxious Bog    Tmut/Pois      #.........   100%        6    #######
 Hydra Form               Tmut           #.........   100%        6    #######
 Invisibility             Hex            #.......     100%        6    #######
 Iron Shot                Conj/Erth      #.........   100%        6    #######
 Shadow Creatures         Summ           N/A          100%        6    #######
 Starburst                Conj/Fire      #.........   100%        6    #######
 Statue Form              Tmut/Erth      #........    100%        6    #######
 Dragon Form              Tmut           #.........   100%        7    #######
 Ring of Flames           Chrm/Fire      #.........   100%        7    #######
 Summon Hydra             Summ           #.........   100%        7    #######
 Ignition                 Fire           #.........   100%        8    #######
 Dragon's Call            Summ           #.........   100%        9    #######
 Shatter                  Erth           #.........   100%        9    #######
 Tornado                  Air            #.........   100%        9    #######
 Passage of Golubria      Tloc           Unusable     N/A         4    N/A

Dungeon Overview and Level Annotations

Branches:
Dungeon (15/15)            Temple (0/1) D:4            Lair (6/6) D:9
  Swamp (4/4) Lair:4        Snake (4/4) Lair:2        Slime (0/5) Lair:5
    Orc (2/2) D:10            Elf (3/3) Orc:2        Vaults (5/5) D:13
  Crypt (3/3) Vaults:2       Tomb (1/3) Crypt:3      Depths (5/5) D:15
    Zot (5/5) Depths:5    Ossuary (visited)         Gauntlet (visited)

Altars:
Elyvilon
Fedhas
Kikubaaqudgha
Makhleb
Qazlal
Ru
Trog
Vehumet
Xom
The Shining One
Beogh
Jiyva

Shops:
D:4 *   D:6 !   D:9 [((   D:15 %   Orc:2 [??}   Elf:3 (   Vaults:1 *
Depths:3 (

Portals:
Hell: Depths:1 Depths:2 Depths:3 Depths:4 Depths:5
Abyss: Depths:1 Depths:4
Pandemonium: Depths:3 Depths:5
Ziggurat: Depths:4
Trove: D:12 (give +7 demon trident)

Annotations:
D:1 exclusion: downstairs
D:2 exclusion: upstairs
D:3 exclusions: 2 downstairs and upstairs
D:4 exclusion: downstairs
D:5 2 transporters, Vidiiot's ghost, novice FoBe
D:8 1 runed translucent door, Venturno's ghost, novice DEWz
D:12 exclusion: upstairs
D:13 exclusion: downstairs
D:14 1 runed translucent door, exclusion: downstairs
Lair:1 exclusion: 2 downstairs
Lair:2 exclusion: downstairs
Lair:5 exclusion: 2 downstairs
Swamp:2 1 runed translucent door, gruber's ghost, journeyman DEIE
Snake:1 exclusion: downstairs
Snake:3 exclusion: downstairs
Elf:2 3 runed translucent doors
Vaults:1 exclusion: downstairs
Crypt:1 exclusion: downstairs
Crypt:2 3 runed translucent doors, exclusion: downstairs, Nafoal's ghost, adept GrFi
Depths:2 exclusion: door
Depths:4 exclusion: upstairs
Zot:4 2 transporters, exclusion: upstairs, Kuopp's ghost, legendary GrGl


Innate Abilities, Weirdness & Mutations

You can walk on water.
You have very sharp teeth.
You can translocate small distances at will.
Your flesh is cold resistant. (rC+)
Your muscles are strong. (Str +2)
Your spells are a little harder to cast, but a little more powerful.
Potions are less effective at restoring your health.


Message History

Here: Fofazeogg, armed with a painful touch The floor.
You feel yourself speed up.
The small abomination barely misses you.
You block the gelid demonspawn's attack.
Unknown command.
The Tzitzimitl calls on the powers of darkness!
Your body is wracked with pain!
You are near starving!
You block the chaos spawn's attack.
You block the small abomination's attack.
There are monsters nearby!
Aiming: Dig
Press: ? - help, Shift-Dir - straight line A rock wall.
This square is covered in magical glow.
The rock shatters into small pieces.
There is a staircase leading out of the dungeon here.
You block the small abomination's attack.
You have escaped!

.###.##.###............# #.###
###...#.# ########.###.# #....
......#.# #.###.######..##
###...#.# #.##...#........
#####.##########........###..#.
#............#....### #....
#############.'##### #.##.
#......#..# #....
#####@.'...'..#######.
#...#x.#...#..##......
#########
#.##.###...####.......
........#
#.#.#..#...#.ā‰ˆ##.#.##.
#######.#
#.&##..'...'..##.#.##. #.#
#.###Pā‰ˆ#...#ā‰ˆĆ·##.#.#.. #.#
#.# ####.#.#####.#.#.# #.# #.#
#..#.#.#..#....#.# #.####&#
#..'...'..#.......


You could see Fofazeogg and a small abomination.

Vanquished Creatures
  3 orbs of fire
  A juggernaut (Depths:5)
  8 ancient liches (Zot:5)
  2 greater mummies (Tomb:1)
  Sojobo (Depths:2)
  Vashnia (Snake:2)
  2 Killer Klowns (Zot:5)
  Bai Suzhen (Swamp:3)
  Saint Roka (Vaults:2)
  2 curse toes
  A caustic shrike (Depths:3)
  14 golden dragons
  Jory (Crypt:3)
  3 liches
  A hellephant (Abyss:4)
  Rupert (Lair:6)
  15 tentacled monstrosities
  5 electric golems
  Jorgrun (Swamp:1)
  26 Orb Guardians
  6 titans
  2 Executioners
  2 deep elf blademasters (Elf:3)
  2 deep elf master archers (Elf:3)
  13 death cobs
  7 quicksilver dragons
  3 ancient champions
  A tentacled starspawn (Abyss:4)
  11 storm dragons
  13 sphinxes
  7 draconian monks
  11 shadow dragons
  Donald (Orc:2)
  2 revenants (Crypt:1)
  9 tengu reavers
  15 nagarajas
  6 draconian knights
  12 frost giants
  Louise (Swamp:1)
  A ghost moth (Zot:5)
  11 vault wardens
  9 fire giants
  8 deep elf sorcerers
  2 iron dragons
  An orc warlord (Vaults:5)
  4 draconian scorchers
  3 curse skulls
  4 draconian shifters
  10 very ugly things
  6 deep elf elementalists
  7 ironheart preservers
  6 draconian stormcallers
  11 ghouls
  4 war gargoyles
  A spriggan defender (Depths:4)
  8 draconian annihilators
  11 stone giants
  2 reapers
  25 vampire knights
  3 deep elf demonologists (Elf:3)
  12 green draconians
  12 black draconians
  An entropy weaver (Vaults:4)
  Azrael (Snake:1)
  A black sun (Zot:3)
  12 white draconians
  2 deep elf annihilators (Elf:3)
  15 yellow draconians
  4 spark wasps (Depths:5)
  10 purple draconians
  A minotaur (Gauntlet)
  8 red draconians
  11 ettins
  4 eidola
  5 mummy priests (Tomb:1)
  6 deep elf death magi
  10 jiangshi
  A quicksilver dragon zombie (Crypt:3)
  12 fire dragons
  3 deep elf high priests
  15 yaktaur captains
  27 vault guards
  Erolcha (D:11)
  7 great orbs of eyes
  A quicksilver dragon skeleton (Crypt:1)
  Fannar (Lair:1)
  4 shambling mangroves
  14 hydras
  3 rakshasas
  13 ice dragons
  3 ghost crabs
  15 ogre magi
  8 catoblepae
  15 naga warriors
  Erica (Lair:2)
  An anaconda (shapeshifter) (Depths:5)
  12 alligators
  A two-headed ogre (shapeshifter) (Vaults:5)
  2 death knights
  16 anacondas
  8 centaur warriors
  7 dancing weapons
  49 two-headed ogres
  10 deep troll shamans
  6 death scarabs (Tomb:1)
  8 death yaks
  A satyr (shapeshifter) (Vaults:5)
  5 spriggan berserkers
  8 hell hogs
  4 thrashing horrors (Abyss:2)
  9 shock serpents
  7 deep troll earth magi
  14 naga sharpshooters
  Urug (Lair:1)
  12 vampire magi
  5 tengu warriors
  10 spriggans
  7 soul eaters
  A fire crab (Abyss:4)
  A sixfirhy (Abyss:2)
  22 deep elf knights
  8 iron trolls
  2 wretched stars
  4 salamander mystics
  A spark wasp zombie (Depths:3)
  2 shadow wraiths
  A golden dragon zombie (Crypt:3)
  An anaconda zombie (Tomb:1)
  40 skeletal warriors
  An iron giant zombie (Crypt:1)
  A golden dragon skeleton (Depths:3)
  11 hell knights (Depths:5)
  A spriggan druid (Swamp:3)
  A spatial maelstrom (Abyss:2)
  2 infernal demonspawn (Depths:5)
  10 flayed ghosts
  4 glowing orange brains
  7 unseen horrors
  A gelid demonspawn (Zot:3)
  4 wizards
  38 deep trolls
  8 naga ritualists
  7 swamp dragons
  2 wolf spider zombies
  15 deep elf archers
  2 orc knights
  34 phantasmal warriors
  44 deep elf magi
  6 ironbrand convokers
  6 orc sorcerers
  2 wolf spiders
  A fire giant zombie (Tomb:1)
  An orb spider (Abyss:2)
  2 orb spiders (shapeshifter)
  A shadow dragon skeleton (Depths:3)
  A mana viper (shapeshifter) (Vaults:5)
  An iron dragon zombie (Crypt:3)
  A wolf spider (shapeshifter) (Elf:2)
  8 necromancers
  A stone giant zombie (Vaults:5)
  8 mana vipers
  3 elephants
  A shining eye (shapeshifter) (Vaults:1)
  12 cyclopes
  40 ugly things
  3 worldbinders (Abyss:2)
  3 iron dragon skeletons
  3 manticores
  11 vault sentinels
  14 salamanders
  18 naga magi
  15 moths of wrath
  A stone giant skeleton (Vaults:5)
  2 frost giant skeletons
  A water nymph (shapeshifter) (Vaults:5)
  30 black mambas
  A rust devil (Abyss:2)
  A spiny frog (shapeshifter) (Depths:1)
  A storm dragon simulacrum (Vaults:5)
  18 spiny frogs
  15 guardian serpents
  A fire giant skeleton (Tomb:1)
  16 large abominations
  A death yak zombie (Crypt:3)
  3 gargoyles
  A minotaur zombie (Gauntlet)
  4 smoke demons
  2 hellions
  An iron troll zombie (Crypt:1)
  A rime drake (Lair:2)
  A black draconian zombie (Crypt:1)
  2 kobold demonologists (D:11)
  2 efreet
  4 komodo dragons
  9 starcursed masses (Abyss:2)
  12 freezing wraiths
  An emperor scorpion zombie (Crypt:1)
  A redback zombie (Crypt:2)
  A tormentor (Abyss:2)
  An ancient zyme (Abyss:4)
  2 tengu conjurers
  38 yaktaurs
  A hellwing (D:9)
  An ice devil (D:1)
  A red devil (Zot:4)
  A white draconian skeleton (Crypt:2)
  A merfolk (shapeshifter) (Elf:2)
  21 hornets
  14 guardian mummies
  A silent spectre (Abyss:4)
  A polar bear (shapeshifter) (Depths:4)
  2 polar bears
  5 trolls
  A hydra zombie (Crypt:3)
  A troll (shapeshifter) (Depths:4)
  A wolf spider simulacrum (D:15)
  8 tyrant leeches
  10 blink frogs
  A harpy skeleton (D:15)
  35 slime creatures
  4 raiju
  2 wind drakes (shapeshifter) (D:13)
  A queen bee (shapeshifter) (Vaults:3)
  9 bog bodies
  A fire giant simulacrum (Crypt:2)
  8 dream sheep
  4 hippogriffs
  14 flying skulls
  2 air elementals
  A tarantella (Vaults:4)
  A spriggan (shapeshifter) (Elf:2)
  An ice dragon skeleton (Crypt:2)
  2 black mamba zombies
  2 redbacks (Vaults:4)
  A spriggan skeleton (Depths:1)
  A wind drake zombie (Crypt:1)
  18 wraiths
  15 small abominations
  4 shadows
  4 tarantellas (shapeshifter)
  4 water elementals
  A wyvern (shapeshifter) (Gauntlet)
  A ynoxinul (Abyss:2)
  A tyrant leech zombie (Crypt:3)
  A human (shapeshifter) (Vaults:3)
  A hog (shapeshifter) (Vaults:5)
  39 yaks
  4 neqoxecs
  A black mamba skeleton (Crypt:2)
  6 wyverns
  6 basilisks
  10 vampire mosquitoes
  A steam dragon (D:14)
  3 hungry ghosts
  8 fire elementals
  4 wargs
  A deep troll zombie (Crypt:1)
  27 insubstantial wisps
  53 nagas
  A monstrous demonspawn zombie (Crypt:1)
  5 chaos spawn
  A merfolk zombie (Crypt:3)
  3 soldier ants
  13 swamp worms
  7 water moccasins
  10 hell hounds
  2 floating eyes
  An ice beast (shapeshifter) (Vaults:5)
  3 hornet zombies
  4 porcupines
  7 orc warriors
  A snapping turtle zombie (Crypt:3)
  A swamp drake (shapeshifter) (Depths:3)
  A black bear (D:9)
  4 ice beasts
  4 phantoms
  7 sky beasts
  14 swamp drakes
  A black bear (shapeshifter) (Vaults:1)
  A fire dragon simulacrum (Depths:1)
  An ice dragon simulacrum (Crypt:2)
  6 boggarts (Depths:1)
  32 ogres
  6 necrophages
  A swamp dragon zombie (Crypt:3)
  12 centaurs
  10 crocodiles
  53 wolves
  An elf zombie (Crypt:2)
  4 big kobolds
  A hippogriff zombie (Crypt:3)
  18 bullfrogs
  A gnoll sergeant (D:11)
  3 water moccasin zombies (Ossuary)
  2 wyvern skeletons
  A warg zombie (Crypt:3)
  4 scorpions
  24 wights
  10 killer bees
  3 howler monkeys (D:9)
  3 electric eels
  8 crimson imps
  2 bullfrog zombies
  3 centaur zombies
  4 quasits
  3 jellies
  6 orc priests
  A basilisk zombie (Crypt:3)
  A hound (shapeshifter) (Vaults:5)
  10 hounds
  3 bullfrog skeletons
  11 centaur skeletons
  4 iguanas
  Natasha (thrice) (D:2)
  9 orc wizards
  11 worker ants
  A deep dwarf zombie (Crypt:2)
  A hound zombie (D:6)
  A deep dwarf skeleton (Crypt:2)
  26 mummies
  A hound skeleton (D:5)
  Robin (D:2)
  17 gnolls
  15 adders
  2 shadow imps
  A white imp (Depths:5)
  An ufetubus (Abyss:2)
  3 oozes
  2 adder skeletons
  5 adder zombies (Ossuary)
  2 worms
  A dart slug (D:2)
  3 leopard geckos
  25 orcs
  7 giant cockroaches
  4 gnoll zombies (Ossuary)
  18 goblins
  10 hobgoblins
  4 quokkas
  3 ball pythons
  7 bats
  3 frilled lizards
  A giant cockroach zombie (D:6)
  A goblin zombie (D:7)
  6 hobgoblin zombies
  A jackal skeleton (D:4)
  A jackal zombie (D:9)
  29 kobolds
  4 kobold zombies (Ossuary)
  5 orc zombies (Ossuary)
  2 quokka skeletons
  8 rats
  A rat zombie (D:7)
  A lurking horror (Abyss:2)
  2 plants
2390 creatures vanquished.

Vanquished Creatures (collateral kills)
  An ancient lich (Zot:1)
  4 Killer Klowns (Zot:1)
  An electric golem (Depths:5)
  A death cob (Zot:1)
  A draconian monk (Zot:1)
  A tengu reaver (Depths:5)
  A very ugly thing (Abyss:2)
  A war gargoyle (Vaults:4)
  A black draconian (Zot:1)
  An ogre mage (Orc:2)
  A fire dragon (Vaults:3)
  A hydra (Swamp:3)
  A death knight (Crypt:2)
  A sixfirhy (Depths:5)
  A deep troll (Vaults:5)
  A swamp dragon (Swamp:3)
  A glowing orange brain (Depths:1)
  2 orc knights
  An orc sorcerer (Orc:2)
  A frost giant zombie (Depths:1)
  5 ugly things
  A deep elf mage (D:13)
  A wolf spider (Vaults:4)
  2 black mambas (Snake:2)
  A vault sentinel (Vaults:5)
  A kobold demonologist (D:13)
  2 yaktaurs
  A troll (Orc:2)
  A hippogriff (D:10)
  A raiju (Abyss:2)
  2 dream sheep (Lair:5)
  3 slime creatures
  A warg (Vaults:4)
  An insubstantial wisp (Abyss:2)
  4 orc warriors
  A swamp drake (Swamp:3)
  A snapping turtle zombie (Crypt:3)
  2 centaurs
  A wolf (Lair:4)
  An ogre (Orc:2)
  A gnoll sergeant (D:10)
  A scorpion (D:11)
  A killer bee (D:10)
  3 orc priests
  A worker ant (D:13)
  An orc wizard (Orc:2)
  A worker ant zombie (D:10)
  A gnoll (D:10)
  6 orcs
73 creatures vanquished.

Vanquished Creatures (others)
  Asterion (Elf:3)
  A draconian knight (Zot:1)
  A corrupter (Depths:1)
  A hydra (Swamp:4)
  6 orc knights
  5 orc sorcerers
  A black mamba (Snake:2)
  A deep elf mage (Elf:1)
  A hornet (Swamp:4)
  A blink frog (Swamp:3)
  A water elemental (Elf:2)
  A water moccasin (shapeshifter) (Vaults:5)
  2 swamp drakes (Swamp:4)
  12 orc warriors
  An ogre (Depths:2)
  13 orc priests
  13 orc wizards
  43 orcs
  5 fungi
  A lurking horror (Abyss:4)
  23 plants
  2 starspawn tentacles (Abyss:4)
136 creatures vanquished.

Grand Total: 2599 creatures vanquished

Notes
Turn   | Place    | Note
-------+----------+-------------------------------------------
     0 | D:1      | Prakerore the Hill Orc Monk began the quest for the Orb.
     0 | D:1      | Reached XP level 1. HP: 19/19 MP: 1/1
    71 | D:1      | You fall into a shaft and drop 1 floor!
   487 | D:1      | Reached XP level 2. HP: 27/27 MP: 2/2
  1618 | D:3      | Reached XP level 3. HP: 23/33 MP: 3/3
  2609 | D:2      | Reached skill level 5 in Axes
  2609 | D:2      | Reached XP level 4. HP: 40/40 MP: 4/4
  2879 | D:2      | Noticed Robin
  3136 | D:2      | Reached XP level 5. HP: 40/47 MP: 5/5
  3262 | D:2      | Reached skill level 1 in Armour
  3636 | D:2      | Found a bloodstained altar of Trog.
  3830 | D:2      | Killed Robin
  4149 | D:2      | Noticed Natasha
  4155 | D:2      | Killed Natasha
  4251 | D:2      | Noticed Natasha
  4261 | D:2      | Killed Natasha
  4261 | D:2      | Reached XP level 6. HP: 31/53 MP: 6/6
  4391 | D:2      | Noticed Natasha
  4402 | D:2      | Killed Natasha
  5308 | D:4      | Reached skill level 1 in Throwing
  5403 | D:4      | Became a worshipper of Beogh the Brigand
  5403 | D:4      | Reached * piety under Beogh
  5403 | D:4      | Reached ** piety under Beogh
  5501 | D:4      | Found Ziem's General Store.
  5505 | D:4      | Bought a scroll of teleportation for 33 gold pieces
  5873 | D:4      | Found a staircase to the Ecumenical Temple.
  6120 | D:4      | Reached skill level 1 in Invocations
  6120 | D:4      | Reached XP level 7. HP: 59/60 MP: 6/8
  6327 | D:5      | Entered Level 5 of the Dungeon
  6344 | D:5      | Reached skill level 5 in Fighting
  6344 | D:5      | Reached skill level 1 in Polearms
  6367 | D:5      | Found a transporter.
  7084 | D:5      | Reached XP level 8. HP: 55/68 MP: 8/10
  7155 | D:5      | Found a transporter.
  7975 | D:5      | Reached skill level 1 in Bows
  8352 | D:5      | Identified the +4 trident of Honour {pain, rPois MR+ SInv}
  8352 | D:5      | Identified the +3 buckler "Viafathe" {MR++}
  8358 | D:5      | Identified the ring "Neagexzo" {rElec rN+ Int-3 Dex+3}
  8369 | D:5      | Noticed Vidiiot's ghost (novice FoBe)
  8610 | D:6      | Found a stormy altar of Qazlal.
  8631 | D:6      | Reached skill level 5 in Polearms
  8636 | D:6      | Reached *** piety under Beogh
  8725 | D:6      | Reached XP level 9. HP: 63/75 MP: 12/12
  8876 | D:6      | Reached skill level 5 in Invocations
  9162 | D:6      | Found an ancient bone altar of Kikubaaqudgha.
  9287 | D:6      | Got a transparent flail
  9338 | D:6      | Found Jucsit's Distillery.
  9352 | D:6      | Bought a potion of lignification for 33 gold pieces
  9352 | D:6      | Bought a potion of might for 44 gold pieces
  9352 | D:6      | Bought a potion of curing for 33 gold pieces
 10224 | D:7      | Found a sand-covered staircase.
 10246 | Ossuary  | Entered an ossuary
 10287 | Ossuary  | Reached skill level 5 in Armour
 10431 | Ossuary  | Reached **** piety under Beogh
 10890 | D:7      | Reached XP level 10. HP: 57/86 MP: 11/14
 11421 | D:8      | Found a blossoming altar of Fedhas.
 11923 | D:8      | Found a runed translucent door.
 11964 | D:8      | Noticed Venturno's ghost (novice DEWz)
 11965 | D:8      | Identified the +7 spear "Lutuot" {protect, Fragile rElec
                  | Dex+3 Stlth+}
 12185 | D:9      | Noticed a two-headed ogre
 12209 | D:9      | Killed a two-headed ogre
 12478 | D:9      | Noticed a two-headed ogre
 12523 | D:9      | Killed a two-headed ogre
 12821 | D:9      | Noticed a white ugly thing
 12825 | D:9      | Killed a white ugly thing
 12825 | D:9      | Reached skill level 10 in Polearms
 12928 | D:9      | Found Naufanik's Antique Weapon Boutique.
 12966 | D:9      | Noticed a two-headed ogre
 12969 | D:9      | Killed a two-headed ogre
 12969 | D:9      | Reached XP level 11. HP: 87/95 MP: 15/17
 13085 | D:9      | Found a staircase to the Lair.
 13098 | D:9      | Found Gyix's Antique Weapon Shop.
 13098 | D:9      | Found Wiweyx's Antique Armour Shop.
 13357 | D:9      | Identified the +7 flail "Spiderslayer" {speed, MP+9 Int+5}
                  | (You found it on level 6 of the Dungeon)
 13450 | Lair:1   | Entered Level 1 of the Lair of Beasts
 13576 | Lair:1   | Noticed Urug
 13579 | Lair:1   | Killed Urug
 13703 | Lair:1   | Reached skill level 1 in Maces & Flails
 13878 | Lair:1   | Noticed a catoblepas
 13891 | Lair:1   | Killed a catoblepas
 15244 | Lair:1   | Noticed Fannar
 15254 | Lair:1   | Killed Fannar
 15254 | Lair:1   | Reached skill level 5 in Maces & Flails
 15440 | Lair:2   | Noticed Erica
 15488 | Lair:2   | Noticed a death yak
 15488 | Lair:2   | Noticed a death yak
 15488 | Lair:2   | Noticed a death yak
 15521 | Lair:2   | Reached skill level 10 in Invocations
 15746 | Lair:1   | Killed a death yak
 15749 | Lair:1   | Reached XP level 12. HP: 102/105 MP: 17/19
 15796 | Lair:1   | Killed a death yak
 15808 | Lair:1   | Killed a death yak
 16185 | Lair:2   | Killed Erica
 16717 | Lair:2   | Found a staircase to the Snake Pit.
 17153 | Lair:3   | Reached skill level 10 in Fighting
 17329 | Lair:3   | Noticed an eight-headed hydra
 17662 | Lair:3   | Killed an eight-headed hydra
 18631 | Lair:4   | Noticed a spriggan rider
 18829 | Lair:3   | Reached XP level 13. HP: 107/114 MP: 18/21
 19566 | Lair:4   | Reached ***** piety under Beogh
 19723 | Lair:4   | Found a staircase to the Swamp.
 20273 | Lair:5   | Reached skill level 10 in Armour
 20362 | Lair:5   | You fall into a shaft and drop 1 floor!
 20362 | Lair:6   | Entered Level 6 of the Lair of Beasts
 20533 | Lair:5   | Gained Boruk as an ally
 20537 | Lair:5   | Reached skill level 1 in Shields
 20671 | Lair:5   | Found a viscous altar of Jiyva.
 20671 | Lair:5   | Found a staircase to the Slime Pits.
 20715 | Lair:5   | Reached skill level 10 in Maces & Flails
 22270 | Lair:6   | Noticed Rupert
 22277 | Lair:6   | Killed Rupert
 22638 | Lair:6   | Reached XP level 14. HP: 109/124 MP: 23/23
 23792 | D:10     | Entered Level 10 of the Dungeon
 23830 | D:10     | Found a staircase to the Orcish Mines.
 25401 | D:11     | Reached ****** piety under Beogh
 25533 | D:11     | Noticed Erolcha
 25761 | D:12     | Found a portal to a secret trove of treasure.
 25992 | D:12     | Found a gate leading to a gauntlet.
 26008 | Gauntlet | Entered a Gauntlet
 26008 | Gauntlet | Found a transporter.
 26008 | Gauntlet | Found a transporter.
 26008 | Gauntlet | Found a transporter.
 26009 | Gauntlet | Found a transporter.
 26010 | Gauntlet | Found a transporter.
 26013 | Gauntlet | Found a transporter.
 26017 | Gauntlet | Found a runed translucent door.
 26017 | Gauntlet | Found a runed translucent door.
 26021 | Gauntlet | Found a transporter.
 26022 | Gauntlet | Found a transporter.
 26023 | Gauntlet | Found a transporter.
 26024 | Gauntlet | Found a transporter.
 26033 | Gauntlet | Found a transporter.
 26033 | Gauntlet | Found a transporter.
 26463 | Gauntlet | Reached skill level 5 in Dodging
 27390 | D:11     | Killed Erolcha
 27659 | D:11     | Noticed a frost giant
 27757 | D:11     | Killed a frost giant
 28589 | D:13     | Reached XP level 15. HP: 112/133 MP: 13/25
 28593 | D:13     | Gained Brandogh as an ally
 28602 | D:13     | Found a white marble altar of Elyvilon.
 29875 | D:13     | Found a gate to the Vaults.
 29916 | D:13     | Reached skill level 5 in Shields
 30616 | D:14     | Found a runed translucent door.
 30617 | D:14     | Found the +2 shield of Resistance {rF+ rC+ MR+}
 30617 | D:14     | Found a runed translucent door.
 32052 | D:15     | Entered Level 15 of the Dungeon
 32368 | D:15     | Found a blossoming altar of Fedhas.
 32499 | D:15     | Reached skill level 15 in Invocations
 32695 | D:15     | Found a sacrificial altar of Ru.
 32774 | D:15     | Found Xiadi's Food Shoppe.
 33784 | D:15     | Found a staircase to the Depths.
 34169 | Snake:1  | Entered Level 1 of the Snake Pit
 34252 | Lair:2   | Gained Bogwald as an ally
 34422 | Snake:1  | Found a shimmering altar of Xom.
 35016 | Snake:1  | Noticed Azrael
 35085 | Snake:1  | Killed Azrael
 35085 | Snake:1  | Reached XP level 16. HP: 131/144 MP: 23/27
 35848 | Snake:2  | Reached skill level 15 in Maces & Flails
 36610 | Snake:2  | Noticed Vashnia
 37221 | Snake:2  | Killed Vashnia
 38777 | Snake:2  | Noticed a nagaraja
 38783 | Snake:2  | Killed a nagaraja
 39050 | Snake:2  | Noticed a nagaraja
 39067 | Snake:2  | Killed a nagaraja
 39249 | Snake:3  | Noticed a nagaraja
 39639 | Snake:3  | Noticed a nagaraja
 39834 | Snake:3  | Killed a nagaraja
 39971 | Snake:3  | Reached XP level 17. HP: 152/152 MP: 29/29
 41076 | Snake:4  | Entered Level 4 of the Snake Pit
 41118 | Snake:4  | Found a burning altar of Makhleb.
 43725 | Snake:4  | Reached skill level 15 in Fighting
 44497 | Snake:4  | Reached XP level 18. HP: 151/163 MP: 30/30
 44790 | Snake:4  | Reached skill level 10 in Shields
 44973 | Snake:4  | Got a serpentine rune of Zot
 45155 | Swamp:1  | Entered Level 1 of the Swamp
 45745 | Swamp:1  | Identified the +9 war axe of War {flame, rC+ rN+ Dex-2}
                  | (You found it on level 1 of the Swamp)
 45856 | Swamp:1  | Noticed Jorgrun
 45868 | Swamp:1  | Killed Jorgrun
 46052 | Swamp:1  | Noticed Louise
 46076 | Swamp:1  | Cast into level 2 of the Abyss (Louise)
 46459 | Abyss:2  | Found a corrupted altar of Lugonu.
 46995 | Abyss:2  | Gained Learuk as an ally
 47025 | Abyss:2  | Your ally Learuk died
 47083 | Swamp:1  | Escaped the Abyss
 47417 | Swamp:1  | Killed Louise
 47451 | Swamp:1  | Gained Marbaugh as an ally
 47685 | Swamp:2  | Reached skill level 5 in Throwing
 47749 | Swamp:2  | Paralysed by a hornet for 2 turns
 48310 | Swamp:2  | Found a runed translucent door.
 48310 | Swamp:2  | Identified the cursed +3 spear "Mehones" {vorpal, +Rage
                  | Dex+2}
 48314 | Swamp:2  | Noticed gruber's ghost (journeyman DEIE)
 48968 | Swamp:3  | Noticed Bai Suzhen
 49186 | Vaults:1 | Entered Level 1 of the Vaults
 49908 | Vaults:1 | Found Ridas's Assorted Antiques.
 49916 | Vaults:1 | Bought a potion of cancellation for 208 gold pieces
 49916 | Vaults:1 | Bought a scroll of identify for 52 gold pieces
 50712 | Vaults:1 | Reached XP level 19. HP: 147/174 MP: 29/32
 51775 | Vaults:2 | Found a flickering gateway to a bazaar.
 51805 | Bazaar   | Entered a bazaar
 51809 | Bazaar   | Found Erommo Puppu's Assorted Antiques.
 51816 | Bazaar   | Bought a scroll of teleportation for 66 gold pieces
 51816 | Bazaar   | Bought a scroll of identify for 44 gold pieces
 51820 | Bazaar   | Found Micywext's General Store.
 51829 | Bazaar   | Found Micrec Seti's Armour Shop.
 51866 | Bazaar   | Found Foefuel's Weapon Shop.
 51894 | Bazaar   | Bought a faintly humming plate armour for 616 gold pieces
 51894 | Bazaar   | Identified the +8 plate armour of Fun and Games {rElec rN+}
                  | (You bought it in a shop in a bazaar)
 51907 | Bazaar   | Bought a potion of curing for 66 gold pieces
 51907 | Bazaar   | Bought a wand of disintegration (14) for 88 gold pieces
 51918 | Bazaar   | Bought a potion of magic for 120 gold pieces
 51918 | Bazaar   | Bought a scroll of immolation for 52 gold pieces
 51928 | Bazaar   | Bought a scarf of cloud immunity for 112 gold pieces
 53475 | Vaults:2 | Identified the +9 great sword of Melee {freeze, rC- MP+9
                  | Int+4}
 53834 | Vaults:2 | Found a staircase to the Crypt.
 54602 | Vaults:2 | Identified the +0 cloak of Lethargy {rC+ MR- Dex+2 Stlth+}
                  | (You found it on level 2 of the Vaults)
 54847 | Vaults:2 | Identified the +2 plate armour "Idwakeuf" {*Drain Regen+
                  | rCorr Dex+8} (You found it on level 2 of the Vaults)
 54916 | Vaults:2 | You fall into a shaft and drop 2 floors!
 56048 | Vaults:2 | Reached XP level 20. HP: 184/187 MP: 33/33
 59102 | Swamp:3  | Killed Bai Suzhen
 60249 | Swamp:4  | Entered Level 4 of the Swamp
 60276 | Swamp:4  | Paralysed by a hornet for 3 turns
 61225 | Swamp:3  | Reached skill level 15 in Armour
 61792 | Swamp:4  | Got a decaying rune of Zot
 62372 | Depths:1 | Entered Level 1 of the Depths
 62492 | Depths:1 | Reached XP level 21. HP: 168/199 MP: 30/35
 63459 | Depths:1 | Found a gateway to Hell.
 63564 | Depths:1 | Reached skill level 15 in Shields
 63751 | Depths:1 | Found a one-way gate to the infinite horrors of the Abyss.
 63875 | Depths:1 | Gained Orbeogh as an ally
 64448 | Depths:1 | Found a glowing golden altar of the Shining One.
 65382 | Depths:2 | Gained Boldo as an ally
 65687 | Depths:2 | Noticed Sojobo
 66160 | Depths:2 | Cast into level 4 of the Abyss (Sojobo)
 66728 | Depths:2 | Escaped the Abyss
 67100 | Depths:2 | Identified 2 scrolls of acquirement
 67101 | Depths:2 | Identified the +0 pair of gloves of Serendipity {*Slow
                  | rCorr Int+6 Dex-3} (You acquired it on level 2 of the
                  | Depths)
 67101 | Depths:2 | Identified the +5 flail "Cyamogio" {venom, rPois rF+} (You
                  | acquired it on level 2 of the Depths)
 67121 | Depths:2 | Identified the ring "Veix" {rN+ Stlth+} (You acquired it on
                  | level 2 of the Depths)
 67121 | Depths:2 | Identified the +0 helmet "Lusueqeh" {rF+ rCorr} (You
                  | acquired it on level 2 of the Depths)
 67210 | Depths:2 | Killed Sojobo
 67210 | Depths:2 | Reached XP level 22. HP: 211/211 MP: 26/36
 67626 | Depths:3 | Found Ciewim's Antique Weapon Boutique.
 67666 | Depths:3 | Found a one-way gate leading to the halls of Pandemonium.
 67799 | Depths:3 | Noticed a caustic shrike
 67995 | Depths:3 | Killed a caustic shrike
 69354 | Depths:4 | Gained Orgrim as an ally
 69493 | Depths:4 | Noticed a golden dragon
 69514 | Depths:4 | Killed a golden dragon
 70014 | Depths:4 | Gained Judas as an ally
 70122 | Depths:4 | Noticed a golden dragon
 70145 | Depths:4 | Killed a golden dragon
 70568 | Depths:4 | Noticed a golden dragon
 70579 | Depths:4 | Identified the cursed +0 morningstar of the Vaults {vorpal,
                  | rC++ Int-2} (You found it on level 4 of the Depths)
 70630 | Depths:4 | Killed a golden dragon
 70659 | Depths:4 | Found a gateway to a ziggurat.
 71078 | Depths:5 | Entered Level 5 of the Depths
 71135 | Depths:5 | Noticed a golden dragon
 71164 | Depths:4 | Killed a golden dragon
 71164 | Depths:4 | Reached XP level 23. HP: 150/223 MP: 31/37
 71410 | Depths:5 | Noticed a juggernaut
 71438 | Depths:5 | Killed a juggernaut
 72397 | Depths:5 | Noticed a golden dragon
 73059 | Depths:5 | Identified the +1 rapier "Loboba" {protect, Str+3 Int+2}
 73122 | Depths:5 | Found a gate to the Realm of Zot.
 73406 | Depths:5 | Cast into level 2 of the Abyss (hell knight)
 73946 | Depths:5 | Escaped the Abyss
 73987 | Depths:5 | Gained Marbaugh as an ally
 74825 | Vaults:5 | Entered Level 5 of the Vaults
 75072 | Vaults:4 | Reached XP level 24. HP: 234/237 MP: 37/38
 76309 | Vaults:5 | Gained Ortolf as an ally
 76309 | Vaults:5 | Gained Boderik as an ally
 77589 | Vaults:5 | Identified the ring "Rulufoy" {rC+ Str+4 SInv}
 77598 | Vaults:5 | Identified the ring "Lymicw" {+Fly Int+3}
 78458 | Vaults:5 | Identified the Handbook of Weightlessness and Stolen Souls
 78748 | Vaults:5 | Got a silver rune of Zot
 79620 | Vaults:5 | Identified the +10 morningstar of Cowardice {vamp, rElec
                  | MR+ Str+2}
 79620 | Vaults:5 | Identified the ring "Maatit" {*Corrode rElec rF+ rC++
                  | rN+++}
 79821 | Crypt:1  | Entered Level 1 of the Crypt
 79871 | Crypt:1  | Noticed Saint Roka
 79872 | Crypt:1  | Gained Syrus as an ally
 79873 | Crypt:1  | Your ally Syrus died
 80155 | Vaults:2 | Killed Saint Roka
 80268 | Vaults:2 | Reached XP level 25. HP: 250/250 MP: 38/38
 83031 | Crypt:2  | Found a runed translucent gate.
 83032 | Crypt:2  | Found a runed translucent gate.
 83032 | Crypt:2  | Found an ancient bone altar of Kikubaaqudgha.
 83033 | Crypt:2  | Found a runed translucent gate.
 83033 | Crypt:2  | Noticed Nafoal's ghost (adept GrFi)
 83033 | Crypt:2  | Noticed an ancient lich
 83034 | Crypt:2  | Noticed an ancient lich
 83034 | Crypt:2  | Noticed an ancient lich
 83802 | Crypt:3  | Entered Level 3 of the Crypt
 85176 | Crypt:3  | Gained Ugbert as an ally
 85319 | Crypt:3  | Paralysed by something for 2 turns
 85326 | Crypt:3  | Noticed Jory
 85935 | Crypt:3  | Found a staircase to the Tomb.
 86344 | Crypt:3  | Found an ancient bone altar of Kikubaaqudgha.
 86407 | Crypt:3  | Killed Jory
 86452 | Crypt:3  | Identified the +7 plate armour "Niepromu" {MP+9} (You found
                  | it on level 3 of the Crypt)
 86455 | Crypt:3  | Identified the +3 scale mail of the Thistle {-Tele rCorr
                  | Str+8 Dex-2} (You found it on level 3 of the Crypt)
 86598 | Crypt:3  | Reached XP level 26. HP: 264/264 MP: 39/39
 86618 | Crypt:3  | Gained Beowulf as an ally
 86721 | Crypt:3  | Reached skill level 27 in Fighting
 86762 | Crypt:3  | Gained Grimold as an ally
 86766 | Crypt:3  | Your ally Beowulf died
 86908 | Tomb:1   | Entered Level 1 of the Tomb of the Ancients
 87668 | Tomb:1   | Noticed a greater mummy
 87692 | Tomb:1   | Killed a greater mummy
 88111 | Tomb:1   | Noticed a greater mummy
 88145 | Tomb:1   | Killed a greater mummy
 88493 | Tomb:1   | Identified the cursed +1 glaive of Nufrewk {freeze, *Slow
                  | rF+ rC++ Stlth+}
 89735 | Orc:1    | Entered Level 1 of the Orcish Mines
 89902 | Orc:1    | Found a roughly hewn altar of Beogh.
 90025 | Orc:2    | Entered Level 2 of the Orcish Mines
 90036 | Orc:2    | Noticed Donald
 90053 | Orc:2    | Killed Donald
 90150 | Orc:2    | Found a staircase to the Elven Halls.
 90288 | Elf:1    | Entered Level 1 of the Elven Halls
 90303 | Elf:1    | You fall into a shaft and drop 1 floor!
 90544 | Elf:2    | Found a runed translucent gate.
 90544 | Elf:2    | Found a runed translucent gate.
 90545 | Elf:2    | Found a runed translucent gate.
 91155 | Elf:3    | Entered Level 3 of the Elven Halls
 91155 | Elf:3    | Noticed Asterion
 91156 | Elf:3    | Found Qolutac's Antique Weapon Emporium.
 91171 | Elf:3    | Killed Asterion
 92554 | Elf:3    | Identified the +9 mace of the Pillar {chaos, MP-9 Int+3}
 92937 | Elf:3    | Gained Okrist as an ally
 92967 | Elf:3    | Identified the Reference Book on Mutagenic Calling
 93305 | Elf:1    | Reached XP level 27. HP: 245/273 MP: 35/39
 93457 | Orc:2    | Found an ancient bone altar of Kikubaaqudgha.
 93477 | Orc:2    | Found a radiant altar of Vehumet.
 93505 | Orc:2    | Found Sataqaf's Gadget Shoppe.
 93512 | Orc:2    | Bought a wand of disintegration (9) for 208 gold pieces
 93512 | Orc:2    | Bought a wand of scattershot (6) for 480 gold pieces
 93512 | Orc:2    | Bought a wand of digging (5) for 288 gold pieces
 93512 | Orc:2    | Bought a wand of acid (10) for 448 gold pieces
 93512 | Orc:2    | Bought a wand of iceblast (9) for 208 gold pieces
 93512 | Orc:2    | Bought a tin of tremorstones for 240 gold pieces
 93621 | Orc:2    | Found Xoebimn's Antique Armour Emporium.
 93656 | Orc:2    | Found a roughly hewn altar of Beogh.
 93656 | Orc:2    | Found Socarrec's Magic Scroll Shoppe.
 93665 | Orc:2    | Found Soyst's Magic Scroll Emporium.
 93670 | Orc:2    | Bought a scroll of silence for 120 gold pieces
 93670 | Orc:2    | Bought a scroll of summoning for 152 gold pieces
 93670 | Orc:2    | Bought a scroll of teleportation for 48 gold pieces
 93670 | Orc:2    | Bought a scroll of silence for 120 gold pieces
 93670 | Orc:2    | Bought a scroll of teleportation for 48 gold pieces
 93670 | Orc:2    | Bought a scroll of fear for 56 gold pieces
 93670 | Orc:2    | Bought a scroll of fog for 32 gold pieces
 93670 | Orc:2    | Bought a scroll of teleportation for 48 gold pieces
 93679 | Orc:2    | Bought a scroll of teleportation for 39 gold pieces
 93679 | Orc:2    | Bought a scroll of fog for 26 gold pieces
 93679 | Orc:2    | Bought a scroll of magic mapping for 45 gold pieces
 94448 | Zot:1    | Entered Level 1 of the Realm of Zot
 94448 | Zot:1    | Noticed an ancient lich
 94527 | Zot:1    | Your ally Ugbert died
 94537 | Zot:1    | Killed an ancient lich
 94537 | Zot:1    | Reached skill level 5 in Stealth
 94538 | Zot:1    | Your ally Orgrim died
 98218 | Zot:1    | Reached skill level 27 in Invocations
 98793 | Zot:1    | Identified the ring "Axyfupyxt" {rN+ Str+4 Int+4 Slay+2
                  | Stlth-} (You found it on level 1 of the Realm of Zot)
 99272 | Zot:2    | You fall into a shaft and drop 2 floors!
 99514 | Zot:4    | Found a transporter.
 99514 | Zot:4    | Noticed Kuopp's ghost (legendary GrGl)
 99834 | Zot:4    | Found a transporter.
101101 | Zot:2    | Gained Bogdan as an ally
101511 | Zot:3    | Identified the +6 plate armour "Zosaluwn" {*Drain +Inv
                  | rElec Int-3} (You found it on level 3 of the Realm of Zot)
101793 | Zot:3    | Noticed an orb of fire
101812 | Zot:3    | Killed an orb of fire
103434 | Zot:5    | Entered Level 5 of the Realm of Zot
104651 | Zot:5    | Noticed an ancient lich
104688 | Zot:5    | Killed an ancient lich
104688 | Zot:5    | Reached skill level 27 in Armour
104796 | Zot:5    | Noticed an orb of fire
105044 | Zot:5    | Noticed an ancient lich
105157 | Zot:5    | Killed an ancient lich
105180 | Zot:5    | Noticed an ancient lich
105199 | Zot:5    | Killed an ancient lich
105326 | Zot:5    | Noticed an ancient lich
105332 | Zot:5    | Noticed an ancient lich
105341 | Zot:5    | Killed an ancient lich
105347 | Zot:5    | Killed an ancient lich
105392 | Zot:5    | Reached skill level 10 in Throwing
105491 | Zot:5    | Noticed an ancient lich
105503 | Zot:5    | Killed an ancient lich
105510 | Zot:5    | Gained Wardok as an ally
105600 | Zot:5    | Gained mutation: You are frail. (-10% HP) [an orb of fire]
105602 | Zot:5    | Gained mutation: You tend to lose your temper in combat.
                  | [an orb of fire]
105612 | Zot:5    | Killed an orb of fire
105613 | Zot:5    | Lost mutation: You are frail. (-10% HP) [potion of
                  | mutation]
105613 | Zot:5    | Lost mutation: You tend to lose your temper in combat.
                  | [potion of mutation]
105613 | Zot:5    | Gained mutation: You can translocate small distances at
                  | will. [potion of mutation]
105613 | Zot:5    | Gained mutation: You have very sharp teeth. [potion of
                  | mutation]
105765 | Zot:5    | Noticed an ancient lich
105776 | Zot:5    | Killed an ancient lich
106320 | Zot:5    | Identified the +1 demon trident of Disaster {vamp, *Slow
                  | rC+++ rN+ SInv} (You acquired it on level 5 of the Realm of
                  | Zot)
106798 | Zot:5    | Noticed an ancient lich
106801 | Zot:5    | Killed an ancient lich
106968 | Zot:5    | Noticed an orb of fire
106972 | Zot:5    | Gained mutation: Potions are less effective at restoring
                  | your health. [an orb of fire]
106977 | Zot:5    | Gained mutation: Armour fits poorly on your strangely
                  | shaped body. [an orb of fire]
106981 | Zot:5    | Gained mutation: You tend to lose your temper in combat.
                  | [an orb of fire]
106986 | Zot:5    | Killed an orb of fire
106987 | Zot:5    | Lost mutation: You tend to lose your temper in combat.
                  | [potion of mutation]
106987 | Zot:5    | Lost mutation: Armour fits poorly on your strangely shaped
                  | body. [potion of mutation]
106987 | Zot:5    | Gained mutation: Your flesh is cold resistant. (rC+)
                  | [potion of mutation]
106987 | Zot:5    | Gained mutation: Your muscles are strong. (Str +2) [potion
                  | of mutation]
106987 | Zot:5    | Gained mutation: Your spells are a little harder to cast,
                  | but a little more powerful. [potion of mutation]
107136 | Zot:5    | Got the Orb of Zot
107534 | D:15     | Noticed Oriuck the pandemonium lord
107835 | D:1      | Noticed Fofazeogg the pandemonium lord
107870 | D:$      | Escaped with the Orb!

Levels and vault maps discovered:
D:1:      dpeg_arrival_prison, layout_loops_ring, corexii_leaking_fountain,
          kennysheep_small_spiral
D:2:      layout_rooms, trog_hazing_becter, uniq_robin, uniq_crazy_yiuf_cottage,
          uniq_natasha
D:3:      layout_basic
D:4:      layout_loops_cross, minmay_temple_entry_tees, first_ration,
          serial_shops, shop
D:5:      layout_layer_cave, gammafunk_ghost_gnarly_gnolls, serial_glass,
          glass_columns_b, glass_columns_b
D:6:      layout_loops_ring, basic_altar, serial_shops, shop,
          grunt_qazlal_clouds
D:7:      layout_loops_ring, enter_ossuary_4, grunt_ogre_cave,
          kennysheep_decorative_pillar, roderic_serpentine_path
D:8:      layout_rooms, nicolae_overflow_crystal_walls,
          ebering_ghost_funeral_grove, corexii_hall_statues_deadend,
          ebering_dispersal_statue_hall, minmay_statues_item, glass_columns_a,
          hex_tiny
D:9:      layout_gridville, lair_entry_dummy, serial_shops,
          nicolae_shop_waterfront, nicolae_shop_competitors_out_of_business,
          shop
D:10:     minmay_opposing_rooms, layout_loops_ring, david_orc_2,
          minmay_misc_feat_enclosed, minmay_crystal_water
D:11:     layout_cave_pools, minmay_three_doors, uniq_erolcha
D:12:     layout_basic, gauntlet_entry_generic, enter_trove_1
D:13:     layout_cave_pods, grunt_vaults_entry_fortified, minmay_ruined_shrine
D:14:     layout_basic, minmay_guarded_unrand_resistance
D:15:     grunt_enter_depths_magical_seal, layout_basic, serial_shops,
          nicolae_shop_temple_entry_statues_fountains, fedhas_altar_fruit_tree,
          basic_altar, minivault_25
Lair:1:   layout_layer_cave, uniq_urug, uniq_fannar
Lair:2:   layout_small_grid, minmay_snake_entry_guardpost_small, uniq_erica
Lair:3:   layout_concentric_octagons
Lair:4:   layout_gridlike, swamp_mist, grunt_forest_large_clearings
Lair:5:   layout_gridlike, slime_altar_1, serial_forest,
          infiniplex_forest_straight_2, infiniplex_forest_clump_diagonal,
          infiniplex_forest_lined_2, infiniplex_forest_lined_room_3,
          infiniplex_forest_clump_double, infiniplex_forest_clump_double,
          infiniplex_forest_clump_curved, infiniplex_forest_end_1,
          infiniplex_forest_straight_4
Lair:6:   evilmike_catoblepas_cave, layout_loops_ring,
          chequers_serial_rivers_micro_b, infiniplex_staircase_pool_2,
          uniq_rupert
Swamp:1:  layout_basic_swamp, evilmike_swamp_ruin_rubble_1, swamp_pool2,
          uniq_jorgrun, uniq_louise
Swamp:2:  layout_basic_swamp, ebering_ghost_funeral_grove,
          evilmike_swamp_ruin_house_6
Swamp:3:  layout_basic_swamp, evilmike_swamp_ruin_house_3, uniq_bai_suzhen
Swamp:4:  swamp_basic_johnstein, layout_basic_swamp
Snake:1:  skrybe_snakes_to_sticks, layout_gridlike, uniq_azrael
Snake:2:  layout_concentric_octagons, uniq_vashnia
Snake:3:  layout_gridlike, st_stairs_1
Snake:4:  grunt_snake_rune_serpentine_throne, layout_basic, basic_altar,
          nrook_guardian_serpent_ordinary
Orc:1:    layout_caves, basic_altar, serial_shops, shop
Orc:2:    kennysheep_orc_mage_school, layout_diamond_mine, uniq_donald
Elf:1:    layout_geoelf_grid, minmay_elf_necromancy, minmay_shop_grove
Elf:2:    layout_gridlike
Elf:3:    elf_hall_gauntlet_wide, layout_rooms, serial_shops,
          nicolae_shop_waterfront, hangedman_elf_power_crystal, uniq_asterion
Vaults:1: nicolae_vaults_asterisk, v_alt_pattern_5,
          nicolae_vaults_little_squares_3, v_misc_19, nicolae_vaults_murderbox,
          v_misc_16, nicolae_vaults_ring_of_whatevers, serial_ice_h,
          ontoclasm_vaults_decontamination, v_misc_1,
          layout_vaults_chaotic_city, serial_shops, nicolae_shop_stone
Vaults:2: nicolae_vaults_ring_of_whatevers, st_cross, vaults_dpeg_spiral,
          minmay_crypt_entry_simple_sparse, v_misc_27,
          vaults_room_stairs_pillars, grunt_vaults_hallway_long,
          nicolae_vaults_border_crossing, nicolae_vaults_little_squares_5,
          v_misc_17, ontoclasm_vaults_tryst, ontoclasm_vaults_loading_screen,
          nicolae_vaults_alarming, nicolae_vaults_yaktaur_gun_rack,
          layout_vaults_maze, serial_shops, bzr_entry_customers
Vaults:3: nicolae_vaults_disjoint_gnomons, st_check, grunt_vaults_diagonal,
          ontoclasm_vaults_loading_screen, v_misc_27, vaults_room_semicircle,
          layout_vaults_omnigrid
Vaults:4: vaults_mumra_chevron_long, v_pattern_2, v_misc_26,
          nicolae_vaults_network_square, vaults_dpeg_hooks, v_misc_24,
          v_alt_pattern_2, v_misc_4, nicolae_vaults_rhombus_5, v_misc_27,
          vaults_room_pool, ontoclasm_vaults_shuriken, layout_vaults_omnibox
Vaults:5
Crypt:1:  layout_misc_corridors, uniq_saint_roka
Crypt:2:  layout_chaotic_city, gammafunk_ghost_crypt, st_small_mortuary
Crypt:3:  church_of_pain_bobbens, layout_chaotic_city,
          nicolae_tomb_entry_unfolded_pyramid_orthogonal, st_stairs_9
Tomb:1
Depths:1: layout_small_grid, hell_entry, minmay_room_of_horrors, tso_altar,
          minmay_fractal_squares_diagonal_5
Depths:2: evilmike_wizard_prison, layout_gridlike, grunt_hell_horde,
          minivault_1, lemuel_another_geyser, grunt_megastairs_3,
          infiniplex_staircase_trident, uniq_sojobo
Depths:3: minmay_diamond_stairs, layout_cross, hangedman_abyss_or_decor_clamps,
          pan_entry, serial_shops, shop_statue, hell_entry,
          kennysheep_nondescript, infiniplex_staircase_zigzag_2
Depths:4: minmay_cut_squares, layout_basic, enter_ziggurat_f,
          hangedman_abyss_entry_splay, hell_entry, moated_statue,
          minmay_tree_intersection
Depths:5: grunt_x_marks_the_spot, layout_basic, grunt_decor_arrowhead,
          hangedman_coc_ice_floe, rand_demon_pan_entry_5
Zot:1:    ebering_klown_carousel, layout_cellular_growth, st_stairs_3,
          lemuel_golem_globe
Zot:2:    layout_cathedral_of_symmetry
Zot:3:    layout_basic, hangedman_zot_decor_slant, skrybe_zot_glass_3
Zot:4:    layout_basic, gammafunk_ghost_berserking_beasts
Zot:5:    layout_twisted_circle

Skill      XL: |  1  2  3  4  5  6  7  8  9 10 11 12 13 14 15 16 17 18 19 20 21 22 23 24 25 26 27 |
---------------+----------------------------------------------------------------------------------+-----
Fighting       | 4 5 6 7 8 9 10 11 12 13 14 15 16 18 19 20 22 23 25 26 27 | 27.0
Stealth        | 2 3 4 7 |  7.6
Axes           | 5 6 7 |  7.4
Armour         | 1 2 3 4 5 7 8 9 10 11 12 13 14 15 17 18 19 21 27 | 27.0
Dodging        | 3 4 5 6 7 8 9 |  9.8
Throwing       | 1 2 3 4 5 14 | 14.5
Invocations    | 1 2 4 6 8 10 11 13 14 15 16 17 18 19 20 21 22 23 24 25 27 | 27.0
Polearms       | 2 5 8 10 | 10.7
Bows           | 1 |  1.1
Maces & Flails | 5 9 11 13 14 16 17 | 17.0
Shields        | 2 4 6 7 9 11 13 14 15 | 15.6
Evocations     | |  0.3

Action                   |  1- 3 |  4- 6 |  7- 9 | 10-12 | 13-15 | 16-18 | 19-21 | 22-24 | 25-27 || total
-------------------------+-------+-------+-------+-------+-------+-------+-------+-------+-------++-------
Melee: Hand axe          |   136 |   223 |       |       |       |       |       |       |       ||   359
       Halberd           |       |    16 |   406 |   188 |       |       |       |       |       ||   610
       War axe           |       |    16 |       |       |       |       |       |       |       ||    16
       Eveningstar       |       |       |       |   445 |  1329 |  1603 |  2024 |  1878 |  3577 || 10856
       Flail             |       |       |       |     3 |       |       |       |       |       ||     3
       Bite              |       |       |       |       |       |       |       |       |    41 ||    41
 Fire: Shortbow          |       |       |    10 |       |       |       |       |       |       ||    10
Throw: Dart              |    17 |    41 |     1 |    25 |    29 |    12 |     6 |       |       ||   131
       Boomerang         |       |       |       |    28 |    52 |    35 |     7 |     7 |     7 ||   136
       Javelin           |       |       |       |       |       |       |       |       |    48 ||    48
Invok: Convert to Beogh  |       |     1 |       |       |       |       |       |       |       ||     1
       Smiting           |       |       |       |     9 |    22 |     6 |    10 |     5 |     6 ||    58
       Recall Orcish Fol |       |       |       |       |     2 |     1 |     1 |     3 |     2 ||     9
       Stop Recall       |       |       |       |       |     1 |       |       |       |     1 ||     2
       Resurrection      |       |       |       |       |       |       |       |     1 |       ||     1
Evoke: Wand              |       |       |       |     1 |       |     2 |     1 |       |     2 ||     6
  Use: Scroll            |       |       |       |     8 |    10 |    15 |    17 |     3 |    32 ||    85
       Potion            |       |       |       |       |     1 |     2 |     2 |       |    17 ||    22
 Stab: Sleeping          |     4 |       |       |       |     1 |       |       |       |       ||     5
       Petrified         |       |       |       |     1 |     2 |       |       |       |       ||     3
       Distracted        |       |       |       |       |     5 |     3 |     1 |     3 |     5 ||    17
       Confused          |       |       |       |       |       |       |       |       |     1 ||     1
  Eat: Chunk             |     5 |    11 |    11 |    32 |    48 |    51 |    29 |    38 |    33 ||   258
       Ration            |       |       |     1 |     2 |       |       |     6 |     1 |    17 ||    27
Armor: Robe              |    12 |       |       |       |       |       |       |       |       ||    12
       Scale mail        |    14 |   101 |    74 |       |   196 |       |       |       |       ||   385
       Leather armour    |     2 |       |       |       |       |       |       |       |       ||     2
       Plate armour      |       |       |   127 |    91 |       |       |   841 |   941 |  1005 ||  3005
       Chain mail        |       |       |    34 |   309 |   345 |   410 |    30 |       |       ||  1128
       Gold dragon scale |       |       |       |       |       |       |       |       |   921 ||   921
Dodge: Dodged            |    84 |   167 |   195 |   552 |   577 |   518 |   614 |   487 |  1040 ||  4234
Block: Buckler           |       |       |       |       |    46 |       |       |       |       ||    46
       Kite shield       |       |       |       |       |   408 |   745 |  1150 |  1196 |  2375 ||  5874

Table legend:
 A = Non-vault XP
 B = Vault XP
 C = Vault XP percentage of total XP
 D = Non-vault monster count
 E = Vault monster count
 F = Vault count percentage of total count
                 A         B        C        D         E       F
            +---------+---------+-------+---------+---------+-------
      Total | 1005765 |  766456 |  43.2 |    1697 |     753 |  30.7
            +---------+---------+-------+---------+---------+-------
        D:1 |      36 |       5 |  12.2 |      15 |       4 |  21.1
        D:2 |     224 |      83 |  27.0 |      31 |      20 |  39.2
        D:3 |      64 |       0 |   0.0 |      18 |       0 |   0.0
        D:4 |     378 |       0 |   0.0 |      22 |       0 |   0.0
        D:5 |    1206 |       0 |   0.0 |      23 |       0 |   0.0
        D:6 |    1089 |       0 |   0.0 |      26 |       0 |   0.0
        D:7 |    1400 |     118 |   7.8 |      20 |       3 |  13.0
        D:8 |     755 |       0 |   0.0 |      10 |       0 |   0.0
        D:9 |    4449 |       0 |   0.0 |      21 |       0 |   0.0
       D:10 |    4424 |     468 |   9.6 |      41 |       7 |  14.6
       D:11 |    5373 |    3435 |  39.0 |      50 |       4 |   7.4
       D:12 |    2294 |       0 |   0.0 |      14 |       0 |   0.0
       D:13 |    6927 |    7832 |  53.1 |      34 |      16 |  32.0
       D:14 |    7934 |    3129 |  28.3 |      28 |       3 |   9.7
       D:15 |    7327 |    3765 |  33.9 |      24 |       8 |  25.0
     Lair:1 |    8032 |    1745 |  17.8 |      27 |       2 |   6.9
     Lair:2 |    4603 |    1424 |  23.6 |      21 |       4 |  16.0
     Lair:3 |    4024 |    2975 |  42.5 |      17 |      26 |  60.5
     Lair:4 |    2160 |    1559 |  41.9 |       8 |       8 |  50.0
     Lair:5 |    8231 |       0 |   0.0 |      31 |       0 |   0.0
     Lair:6 |    4952 |   13934 |  73.8 |      20 |      24 |  54.5
    Swamp:1 |    8305 |    4613 |  35.7 |      21 |       2 |   8.7
    Swamp:2 |    6909 |       0 |   0.0 |      17 |       0 |   0.0
    Swamp:3 |   18754 |    6601 |  26.0 |      58 |       4 |   6.5
    Swamp:4 |   14727 |   11103 |  43.0 |      42 |      27 |  39.1
    Snake:1 |   10650 |    2839 |  21.0 |      22 |       6 |  21.4
    Snake:2 |   29002 |    7730 |  21.0 |      54 |       4 |   6.9
    Snake:3 |   20864 |    2946 |  12.4 |      42 |       3 |   6.7
    Snake:4 |   10415 |   48676 |  82.4 |      17 |      61 |  78.2
      Orc:1 |     223 |       0 |   0.0 |       2 |       0 |   0.0
      Orc:2 |    2378 |    6190 |  72.2 |      13 |      13 |  50.0
      Elf:1 |    4280 |       0 |   0.0 |       8 |       0 |   0.0
      Elf:2 |   29452 |     738 |   2.4 |      53 |       1 |   1.9
      Elf:3 |   16923 |   38445 |  69.4 |      29 |      25 |  46.3
   Vaults:1 |   25337 |   13534 |  34.8 |      39 |      17 |  30.4
   Vaults:2 |   37869 |   23152 |  37.9 |      63 |      24 |  27.6
   Vaults:3 |    6275 |   14474 |  69.8 |       9 |      14 |  60.9
   Vaults:4 |   17220 |   72999 |  80.9 |      22 |      74 |  77.1
   Vaults:5 |   20549 |   62104 |  75.1 |      37 |      46 |  55.4
    Crypt:1 |   35435 |     902 |   2.5 |      44 |       5 |  10.2
    Crypt:2 |   22499 |    5045 |  18.3 |      40 |       5 |  11.1
    Crypt:3 |   33210 |   57191 |  63.3 |      46 |      87 |  65.4
     Tomb:1 |    5963 |   44615 |  88.2 |      22 |      34 |  60.7
   Depths:1 |   33798 |   11701 |  25.7 |      52 |      23 |  30.7
   Depths:2 |   43087 |   20796 |  32.6 |      57 |      22 |  27.8
   Depths:3 |   30739 |   13809 |  31.0 |      35 |       5 |  12.5
   Depths:4 |   49544 |   16735 |  25.2 |      51 |       7 |  12.1
   Depths:5 |   58619 |   26188 |  30.9 |      49 |      22 |  31.0
      Zot:1 |  101131 |   44596 |  30.6 |      52 |      15 |  22.4
      Zot:2 |   42679 |       0 |   0.0 |      29 |       0 |   0.0
      Zot:3 |   34718 |       0 |   0.0 |      14 |       0 |   0.0
      Zot:4 |   60775 |       0 |   0.0 |      39 |       0 |   0.0
      Zot:5 |   53593 |  162613 |  75.2 |      31 |      39 |  55.7
    Abyss:2 |   34180 |       0 |   0.0 |      69 |       0 |   0.0
    Abyss:4 |    9781 |     933 |   8.7 |      18 |       2 |  10.0
    Ossuary |       0 |     318 | 100.0 |       0 |      28 | 100.0
   Gauntlet |       0 |    4398 | 100.0 |       0 |       9 | 100.0
            +---------+---------+-------+---------+---------+-------
